3A
NIAGARA FALLS EXPOS @ BELLEVILLE BULLS
08/08/2021
 
TOP OF THE 1ST
Niagara Falls Expos batting - Pitching for Belleville Bulls : RHP Pedro Romero
Pitching: RHP Pedro Romero
Batting: RHB Michael Peterson 0-0: Ball
1-0: Swinging Strike
1-1: Ball
2-1: Ground out 5-3 (Groundball, 5L)
Batting: SHB Michel Perrin 0-0: SINGLE (Line Drive, 8LS)
Batting: RHB Bronson Nicholls 0-0: Ball
1-0: Foul Ball, location: 2F
1-1: Ball
Michel Perrin is caught stealing 2nd base
2-1: Called Strike
2-2: Ball
3-2: Fly out, F9 (Flyball, 9M)
Top of the 1st over - 0 run(s), 1 hit(s), 0 error(s), 0 left on base; Niagara Falls 0 - Belleville 0
BOTTOM OF THE 1ST
Belleville Bulls batting - Pitching for Niagara Falls Expos : RHP Mauro Guerra
Pitching: RHP Mauro Guerra
Batting: RHB Gabriel López 0-0: TRIPLE (Line Drive, 8LM)
Batting: RHB Felipe Gonzáles 0-0: Swinging Strike
0-1: Ball
1-1: Foul Ball, location: 2F
1-2: Fly out, F4 (Popup, 34D)
Batting: RHB Noel Wells 0-0: Ball
1-0: Fly out, F8 (Flyball, 8LM)
Runner from 3rd tags up, SCORES, no throw
Batting: RHB José Icaza 0-0: Ball
1-0: Called Strike
1-1: Ball
2-1: SINGLE (Groundball, 6MD)
Batting: LHB Manuel Sánchez 0-0: Ball
1-0: Ball
2-0: Ball
3-0: Called Strike
3-1: Ground out 6-3 (Groundball, 6)
Bottom of the 1st over - 1 run(s), 2 hit(s), 0 error(s), 1 left on base; Niagara Falls 0 - Belleville 1
TOP OF THE 2ND
Niagara Falls Expos batting - Pitching for Belleville Bulls : RHP Pedro Romero
Batting: LHB Jorge Borbón 0-0: Called Strike
0-1: Ground out U3 (Groundball, 3S)
Batting: SHB Janghyun Sam 0-0: Ball
1-0: Foul Ball, location: 2F
1-1: Ball
2-1: Foul Ball, location: 2F
2-2: Fly out, F6 (Line Drive, 6M)
Batting: RHB António Gonzáles 0-0: Ball
1-0: Foul Ball, location: 2F
1-1: Foul Ball, location: 2F
1-2: Fly out, F8 (Flyball, 78S)
Top of the 2nd over - 0 run(s), 0 hit(s), 0 error(s), 0 left on base; Niagara Falls 0 - Belleville 1
BOTTOM OF THE 2ND
Belleville Bulls batting - Pitching for Niagara Falls Expos : RHP Mauro Guerra
Batting: RHB Paddy Hodnett 0-0: Called Strike
0-1: Ball
1-1: Ball
2-1: Ball
3-1: Called Strike
3-2: Strikes out swinging
Batting: RHB Jaime Ramírez 0-0: Ball
1-0: Ball
2-0: Called Strike
2-1: Ball
3-1: Ground out 6-3 (Groundball, 6M)
Batting: RHB Henry Mann 0-0: Ball
1-0: Called Strike
1-1: Swinging Strike
1-2: Ball
2-2: Foul Ball, location: 2F
2-2: Foul Ball, location: 2F
2-2: Ground out 5-3 (Groundball, 56)
Bottom of the 2nd over - 0 run(s), 0 hit(s), 0 error(s), 0 left on base; Niagara Falls 0 - Belleville 1
TOP OF THE 3RD
Niagara Falls Expos batting - Pitching for Belleville Bulls : RHP Pedro Romero
Batting: RHB Henry Womack 0-0: Foul Ball, location: 2F
0-1: SINGLE (Flyball, 8RS)
Batting: RHB Tony Martínez 0-0: Called Strike
0-1: Ball
1-1: SINGLE (Flyball, 8LS)
Henry Womack to second
Runner from 2nd tries for 3rd, SAFE after rundown.
Batting: RHB John Thompson 0-0: Ball
1-0: Fly out, F4 (Popup, 34)
Batting: RHB Michael Peterson 0-0: Ball
1-0: Foul Ball, location: 2F
1-1: Ball
2-1: Foul Ball, location: 2F
2-2: Ball
3-2: SINGLE (Groundball, 34D) (infield hit)
Henry Womack scores
Tony Martínez to second
Batting: SHB Michel Perrin 0-0: Called Strike
0-1: Swinging Strike
0-2: Ball
1-2: Ball
2-2: Strikes out looking
Batting: RHB Bronson Nicholls 0-0: Ball
1-0: SINGLE (Flyball, 9LS)
Tony Martínez to third
Michael Peterson to second
Batting: LHB Jorge Borbón 0-0: Ball
1-0: Called Strike
1-1: Fly out, F8 (Flyball, 8RXD)
Top of the 3rd over - 1 run(s), 4 hit(s), 0 error(s), 3 left on base; Niagara Falls 1 - Belleville 1
BOTTOM OF THE 3RD
Belleville Bulls batting - Pitching for Niagara Falls Expos : RHP Mauro Guerra
Batting: RHB Ángel Rosa 0-0: Ground out 6-3 (Groundball, 6)
Batting: RHB Gabriel López 0-0: Foul Ball, location: 2F
0-1: Ball
1-1: Swinging Strike
1-2: Strikes out swinging
Batting: RHB Felipe Gonzáles 0-0: Swinging Strike
0-1: Foul Ball, location: 2F
0-2: Strikes out swinging
Bottom of the 3rd over - 0 run(s), 0 hit(s), 0 error(s), 0 left on base; Niagara Falls 1 - Belleville 1
TOP OF THE 4TH
Niagara Falls Expos batting - Pitching for Belleville Bulls : RHP Pedro Romero
Batting: SHB Janghyun Sam 0-0: Called Strike
0-1: Ball
1-1: Ball
2-1: Ball
3-1: Foul Ball, location: 2F
3-2: SINGLE (Flyball, 7S)
Batting: RHB António Gonzáles 0-0: Ball
1-0: Called Strike
1-1: Fly out, F9 (Flyball, 9S)
Batting: RHB Henry Womack 0-0: Called Strike
0-1: Called Strike
0-2: Strikes out looking
Batting: RHB Tony Martínez 0-0: Called Strike
0-1: Called Strike
0-2: Ball
Janghyun Sam steals 2nd base
1-2: DOUBLE (Line Drive, 89M)
Janghyun Sam scores
Batting: RHB John Thompson 0-0: Ball
1-0: Ball
2-0: Ball
3-0: Base on Balls
Batting: RHB Michael Peterson 0-0: Ball
1-0: Ball
2-0: Called Strike
2-1: Fly out, F9 (Flyball, 9LM)
Top of the 4th over - 1 run(s), 2 hit(s), 0 error(s), 2 left on base; Niagara Falls 2 - Belleville 1
BOTTOM OF THE 4TH
Belleville Bulls batting - Pitching for Niagara Falls Expos : RHP Mauro Guerra
Batting: RHB Noel Wells 0-0: Called Strike
0-1: Called Strike
0-2: Ball
1-2: Strikes out swinging
Batting: RHB José Icaza 0-0: Ball
1-0: Ball
2-0: SINGLE (Groundball, 56)
Batting: LHB Manuel Sánchez 0-0: SINGLE (Groundball, 4MS) (infield hit)
José Icaza to second
Batting: RHB Paddy Hodnett 0-0: Ball
Wild Pitch!
José Icaza to third
Manuel Sánchez to second
1-0: Fly out, F4 (Popup, 4D)
Batting: RHB Jaime Ramírez 0-0: Called Strike
0-1: Ball
1-1: Ball
2-1: Fly out, F7 (Line Drive, 78M)
Bottom of the 4th over - 0 run(s), 2 hit(s), 0 error(s), 2 left on base; Niagara Falls 2 - Belleville 1
TOP OF THE 5TH
Niagara Falls Expos batting - Pitching for Belleville Bulls : RHP Pedro Romero
Batting: SHB Michel Perrin 0-0: Called Strike
0-1: Foul Ball, location: 2F
0-2: Ball
1-2: Foul Ball, location: 2F
1-2: Ball
2-2: Ball
3-2: Foul Ball, location: 2F
3-2: SINGLE (Groundball, 34D) (infield hit)
Batting: RHB Bronson Nicholls 0-0: Foul Ball, location: 2F
0-1: Ball
1-1: Foul Ball, location: 2F
1-2: Foul Ball, location: 2F
1-2: SINGLE (Line Drive, 78M)
Michel Perrin to second
Batting: LHB Jorge Borbón 0-0: Called Strike
0-1: Ball
1-1: Foul Ball, location: 2F
1-2: Ball
2-2: SINGLE (Line Drive, 9LS)
Michel Perrin to third
Bronson Nicholls to second
Runner from 3rd tries for Home, SAFE, no throw or cutoff
Batting: SHB Janghyun Sam 0-0: Ball
1-0: Ball
2-0: Ball
3-0: Base on Balls
Bronson Nicholls to third
Jorge Borbón to second
Batting: RHB António Gonzáles 0-0: Called Strike
0-1: Grounds into fielders choice 6-2 (Groundball, 6)
Jorge Borbón to third
Janghyun Sam to second
Batting: RHB Henry Womack 0-0: Ball
1-0: SINGLE (Groundball, 56)
Jorge Borbón scores
Janghyun Sam to third
António Gonzáles to second
Runner from 3rd tries for Home, SAFE, no throw or cutoff
Batting: RHB Tony Martínez 0-0: Called Strike
0-1: Foul Ball, location: 2F
0-2: Strikes out looking
Batting: RHB John Thompson 0-0: Ball
1-0: Called Strike
1-1: Ball
2-1: SINGLE (Line Drive, 34D)
António Gonzáles to third
Henry Womack to second
Runner from 3rd tries for Home, SAFE, no throw or cutoff
Pitching: RHP Henrique Caador
Batting: RHB Michael Peterson 0-0: Called Strike
0-1: SINGLE (Line Drive, 3)
Henry Womack to third
John Thompson to second
Runner from 3rd tries for Home, SAFE, throw made at trailing runner, OUT at third!
Top of the 5th over - 5 run(s), 6 hit(s), 0 error(s), 1 left on base; Niagara Falls 7 - Belleville 1
BOTTOM OF THE 5TH
Belleville Bulls batting - Pitching for Niagara Falls Expos : RHP Mauro Guerra
Batting: RHB Henry Mann 0-0: Called Strike
0-1: Ball
1-1: SINGLE (Line Drive, 8LS)
Batting: RHB Ángel Rosa 0-0: Called Strike
0-1: Foul Ball, location: 2F
0-2: Ball
1-2: Foul Ball, location: 2F
1-2: Strikes out looking
Batting: RHB Gabriel López 0-0: Swinging Strike
0-1: Foul Ball, location: 2F
0-2: Strikes out swinging
Batting: RHB Felipe Gonzáles 0-0: SINGLE (Groundball, 56D)
Henry Mann to second
Batting: RHB Noel Wells 0-0: Called Strike
0-1: Fielders Choice at 2nd, U6 (Groundball, 6M)
Bottom of the 5th over - 0 run(s), 2 hit(s), 0 error(s), 2 left on base; Niagara Falls 7 - Belleville 1
TOP OF THE 6TH
Niagara Falls Expos batting - Pitching for Belleville Bulls : RHP Henrique Caador
Batting: SHB Michel Perrin 0-0: Ball
1-0: Ball
2-0: Called Strike
2-1: Foul Ball, location: 2F
2-2: Fly out, F9 (Flyball, 9M)
Batting: RHB Bronson Nicholls 0-0: Foul Ball, location: 2F
0-1: Ball
1-1: Ball
2-1: Ball
3-1: Base on Balls
Batting: LHB Jorge Borbón 0-0: Swinging Strike
0-1: SINGLE (Groundball, 34)
Bronson Nicholls to second
Runner from 2nd tries for 3rd, SAFE, no throw or cutoff
Batting: SHB Janghyun Sam 0-0: Ball
1-0: Ball
2-0: SINGLE (Groundball, 34D)
Bronson Nicholls scores
Jorge Borbón to second
Runner from 2nd tries for 3rd, OUT!
Janghyun Sam to second
Batting: RHB António Gonzáles 0-0: Ground out 6-3 (Groundball, 6)
Top of the 6th over - 1 run(s), 2 hit(s), 0 error(s), 1 left on base; Niagara Falls 8 - Belleville 1
BOTTOM OF THE 6TH
Belleville Bulls batting - Pitching for Niagara Falls Expos : RHP Mauro Guerra
Batting: RHB José Icaza 0-0: Called Strike
0-1: Ball
1-1: Ball
2-1: Ball
3-1: Foul Ball, location: 2F
Reached via error on a dropped throw, E3
Batting: LHB Manuel Sánchez 0-0: Ball
1-0: Called Strike
1-1: Ball
2-1: Called Strike
2-2: Foul Ball, location: 2F
2-2: Foul Ball, location: 2F
2-2: Foul Ball, location: 2F
2-2: Strikes out swinging
Batting: RHB Paddy Hodnett 0-0: Ball
1-0: SINGLE (Line Drive, 89S)
José Icaza to second
Batting: RHB Jaime Ramírez 0-0: Called Strike
0-1: Foul Ball, location: 2F
0-2: Foul Ball, location: 2F
0-2: Foul Ball, location: 2F
0-2: Strikes out looking
Batting: RHB Henry Mann 0-0: Ball
1-0: Called Strike
1-1: Fly out, F9 (Line Drive, 9M)
Bottom of the 6th over - 0 run(s), 1 hit(s), 1 error(s), 2 left on base; Niagara Falls 8 - Belleville 1
TOP OF THE 7TH
Niagara Falls Expos batting - Pitching for Belleville Bulls : RHP Henrique Caador
Batting: RHB Henry Womack 0-0: Ball
1-0: Called Strike
1-1: Ball
2-1: Fly out, F9 (Flyball, 89M)
Batting: RHB Tony Martínez 0-0: Called Strike
0-1: Called Strike
0-2: Foul Ball, location: 2F
0-2: Ball
1-2: Fly out, F8 (Line Drive, 8LS)
Batting: RHB John Thompson 0-0: Called Strike
0-1: Foul Ball, location: 2F
0-2: Ball
1-2: Strikes out swinging
Top of the 7th over - 0 run(s), 0 hit(s), 0 error(s), 0 left on base; Niagara Falls 8 - Belleville 1
BOTTOM OF THE 7TH
Belleville Bulls batting - Pitching for Niagara Falls Expos : RHP Mauro Guerra
Batting: RHB Ángel Rosa 0-0: Fly out, F8 (Flyball, 8RS)
Batting: RHB Gabriel López 0-0: Called Strike
0-1: Ball
1-1: Ball
2-1: Ball
3-1: Base on Balls
Batting: RHB Felipe Gonzáles 0-0: Called Strike
0-1: Called Strike
0-2: Foul Ball, location: 2F
0-2: Ball
1-2: Foul Ball, location: 2F
1-2: Foul Ball, location: 2F
1-2: Ball
2-2: SINGLE (Groundball, 6MD)
Gabriel López to second
Runner from 2nd tries for 3rd, SAFE, no throw or cutoff
Batting: RHB Noel Wells 0-0: Fly out, F7 (Flyball, 78M)
Runner from 3rd tags up, SCORES, no throw
Batting: RHB José Icaza 0-0: Called Strike
0-1: Ball
1-1: SINGLE (Groundball, 6)
Felipe Gonzáles to second
Pitching: RHP José Zapata
Batting: LHB Manuel Sánchez 0-0: Called Strike
0-1: Foul Ball, location: 2F
0-2: Ground out 4-3 (Groundball, 4)
Bottom of the 7th over - 1 run(s), 2 hit(s), 0 error(s), 2 left on base; Niagara Falls 8 - Belleville 2
TOP OF THE 8TH
Niagara Falls Expos batting - Pitching for Belleville Bulls : RHP Henrique Caador
Batting: RHB Michael Peterson 0-0: Ball
1-0: Foul Ball, location: 2F
1-1: Ground out 6-3 (Groundball, 6)
Batting: SHB Michel Perrin 0-0: Ball
1-0: SINGLE (Line Drive, 56)
Batting: RHB Bronson Nicholls 0-0: DOUBLE (Flyball, 9LS)
Michel Perrin to third
Runner from 3rd tries for Home, SAFE, no throw or cutoff
Batting: LHB Jorge Borbón 0-0: Ball
1-0: Called Strike
1-1: Foul Ball, location: 2F
1-2: Strikes out looking
Batting: SHB Janghyun Sam 0-0: Ball
1-0: SINGLE (Line Drive, 4M)
Bronson Nicholls to third
Runner from 3rd tries for Home, SAFE, no throw or cutoff
Batting: RHB António Gonzáles 0-0: Ball
Janghyun Sam is caught stealing 2nd base
Top of the 8th over - 2 run(s), 3 hit(s), 0 error(s), 0 left on base; Niagara Falls 10 - Belleville 2
BOTTOM OF THE 8TH
Belleville Bulls batting - Pitching for Niagara Falls Expos : RHP José Zapata
Now in RF: Eduardo Torres
Batting: RHB Paddy Hodnett 0-0: Foul Ball, location: 2F
0-1: Ball
1-1: Fly out, F9 (Flyball, 9D)
Batting: RHB Jaime Ramírez 0-0: Called Strike
0-1: Foul Ball, location: 2F
0-2: Foul Ball, location: 2F
0-2: SINGLE (Groundball, 34D)
Batting: RHB Henry Mann 0-0: Swinging Strike
0-1: Swinging Strike
0-2: Strikes out swinging
Batting: RHB Ángel Rosa 0-0: Fielders Choice at 2nd, 6-4 (Groundball, 6)
Bottom of the 8th over - 0 run(s), 1 hit(s), 0 error(s), 0 left on base; Niagara Falls 10 - Belleville 2
TOP OF THE 9TH
Niagara Falls Expos batting - Pitching for Belleville Bulls : RHP Henrique Caador
Batting: RHB António Gonzáles 0-0: Called Strike
0-1: Ball
1-1: Swinging Strike
1-2: Foul Ball, location: 2F
1-2: Strikes out looking
Batting: RHB Henry Womack 0-0: Swinging Strike
0-1: Ball
1-1: Called Strike
1-2: Foul Ball, location: 2F
1-2: Strikes out looking
Batting: RHB Tony Martínez 0-0: DOUBLE (Line Drive, 7LS)
Batting: RHB John Thompson 0-0: Ball
1-0: Called Strike
1-1: Ground out 4-3 (Groundball, 4M)
Top of the 9th over - 0 run(s), 1 hit(s), 0 error(s), 1 left on base; Niagara Falls 10 - Belleville 2
BOTTOM OF THE 9TH
Belleville Bulls batting - Pitching for Niagara Falls Expos : RHP José Zapata
Batting: RHB Gabriel López 0-0: Fly out, F6 (Popup, 6)
Batting: RHB Felipe Gonzáles 0-0: Ball
1-0: Ball
2-0: Foul Ball, location: 2F
2-1: Fly out, F9 (Flyball, 9M)
Batting: RHB Noel Wells 0-0: Ball
1-0: Foul Ball, location: 2F
1-1: Foul Ball, location: 2F
1-2: Ball
2-2: Ball
3-2: Foul Ball, location: 2F
3-2: Foul Ball, location: 2F
3-2: Strikes out swinging
Bottom of the 9th over - 0 run(s), 0 hit(s), 0 error(s), 0 left on base; Niagara Falls 10 - Belleville 2
This league is powered by Out of the Park Baseball, the baseball management simulation game for PC, Mac and Linux
Friday, January 22nd, 2016 - OOTP Baseball 16.9 Build 39